 Dungeon Crawl Stone Soup version 0.18-b1-22-ge198996 (webtiles) character file.

153 shmeve the Chopper (level 5, 0/70 HPs)
             Began as a Minotaur Berserker on May 4, 2016.
             Was a Priest of Trog.
             Killed by divine providence
             ... invoked by an orc priest
              (14 damage)
             ... on level 3 of the Dungeon.
             The game lasted 00:04:41 (2071 turns).

shmeve the Chopper (Minotaur Berserker)             Turns: 2071, Time: 00:04:42

Health: 0/70       AC:  3    Str: 26    XL:     5   Next: 12%
Magic:  4/4        EV: 12    Int:  5    God:    Trog [***...]
Gold:   154        SH:  0    Dex: 10    Spells: 0 memorised, 4 levels left

rFire  . . .     SeeInvis .     m - +0 war axe
rCold  . . .     Gourm    .     b - +0 animal skin
rNeg   . . .     Faith    .     (no shield)
rPois  .         Spirit   .     (helmet restricted)
rElec  .         Dismiss  .     (no cloak)
rCorr  .         Reflect  .     i - +0 pair of gloves
SustAt .         Harm     .     (no boots)
MR     .....                    (no amulet)
Stlth  ..........               (no ring)
                                (no ring)

@: berserking, very quick, not resistant to hostile enchantments, extremely
unstealthy
A: retaliatory headbutt, horns 2
a: Berserk, Trog's Hand, Burn Spellbooks, Renounce Religion


You were on level 3 of the Dungeon.
You worshipped Trog.
Trog was most pleased with you.
You were very hungry.

You visited 1 branch of the dungeon, and saw 3 of its levels.

You collected 154 gold pieces.

Inventory:

Hand Weapons
 m - a +0 war axe (weapon)
Armour
 b - a +0 animal skin (worn)
 i - a +0 pair of gloves (worn)
Scrolls
 e - 2 scrolls of fear {unknown}
 g - a scroll of fog {unknown}
 h - a scroll of teleportation {unknown}
 p - 3 scrolls of magic mapping {unknown}
Potions
 a - 2 potions of lignification {unknown}
 d - a potion of haste {unknown}
 f - 2 potions of heal wounds {unknown}
 j - 3 potions of curing {unknown}
 k - a potion of resistance {unknown}
Comestibles
 c - 3 bread rations
 l - a beef jerky
 n - a slice of pizza
 o - a royal jelly


   Skills:
 * Level 4.8 Fighting
 * Level 5.0 Axes
 + Level 1.3 Throwing
 + Level 3.2 Armour
 + Level 2.9 Dodging


You had 4 spell levels left.
You didn't know any spells.

Dungeon Overview and Level Annotations

Branches:
Dungeon (3/15)

Altars:
Ru
Beogh


Innate Abilities, Weirdness & Mutations

You reflexively headbutt those who attack you in melee.
You have a pair of horns on your head.


Message History

The orc is healed somewhat.
A red film seems to cover your vision as you go berserk!
You feel yourself moving faster!
You feel mighty!
You are feeling very hungry.
The orc hits you.
The orc priest invokes the aid of Beogh against you.
Beogh smites you!
* * * LOW HITPOINT WARNING * * *
The orc hits you with a dagger.
* * * LOW HITPOINT WARNING * * *
You slash the orc!
You kill the orc!
Trog accepts your kill.
You closely miss the orc priest. You hit the orc.
The orc is severely wounded.
The orc barely misses you.
The orc priest looks braver for a moment.
The orc priest calls down the wrath of Beogh upon you.
Beogh smites you!
You die...

#.# #.#.##.#.#.# #.#
#.#.##.#.#.###### #.#
#.#.<...)........ #.#
#.###.#.(#.###### #.#
#.# #........# # #####
#.######(....####
##$%$##................
#(8(8o#.#####.......##.
#_.oo)@.# #...........
#$8$8o#######.......##.
##$$o# ..........###.
#### ######...## #.
##.## #. #.# ## #.. #..
####


You could see 3 orc priests and 2 orcs.

Vanquished Creatures
  An orc wizard (D:3)
  4 adders (D:3)
  2 oozes
  3 dart slugs
  4 giant geckos
  9 orcs (D:3)
  A ball python (D:2)
  2 giant cockroaches (D:1)
  6 goblins
  2 hobgoblins
  9 jackals
  A quokka (D:3)
  10 bats
  A giant newt (D:3)
  5 kobolds
  4 rats
64 creatures vanquished.

Notes
Turn   | Place    | Note
--------------------------------------------------------------
     0 | D:1      | shmeve the Minotaur Berserker began the quest for the Orb.
     0 | D:1      | Reached XP level 1. HP: 19/19 MP: 0/0
    96 | D:1      | Reached XP level 2. HP: 18/27 MP: 1/1
   120 | D:1      | Reached skill level 4 in Axes
   383 | D:1      | Reached XP level 3. HP: 33/33 MP: 2/2
   580 | D:1      | Reached ** piety under Trog
  1105 | D:2      | Found a sacrificial altar of Ru.
  1323 | D:3      | Reached skill level 1 in Throwing
  1323 | D:3      | Reached XP level 4. HP: 23/40 MP: 3/3
  1675 | D:3      | Reached *** piety under Trog
  1838 | D:3      | Reached skill level 5 in Axes
  1861 | D:3      | Reached XP level 5. HP: 45/47 MP: 4/4
  2066 | D:3      | Found a roughly hewn altar of Beogh.
  2071 | D:3      | Killed from afar by an orc priest

Skill      XL: |  1  2  3  4 |
---------------+-------------+-----
Axes           | 4 5 |  5.0
Fighting       | 4 |  4.8
Throwing       | 1 |  1.3
Armour         | 3 |  3.2
Dodging        | |  2.9

Action                   |  1- 3 |  4- 6 || total
-------------------------+-------+-------++-------
Melee: Hand axe          |    66 |       ||    66
       Headbutt          |    13 |     6 ||    19
       War axe           |     6 |    48 ||    54
Invok: Berserk           |       |     1 ||     1
 Stab: Sleeping          |       |     1 ||     1
  Eat: Chunk             |     1 |     2 ||     3
Armor: Animal skin       |    18 |    18 ||    36
Dodge: Dodged            |    47 |    30 ||    77
